 Dungeon Sprint DCSS version 0.21.1-1-g345015f (webtiles) character file.

287 equalderp2856 the Blocker (level 6, -1/61 HPs)
             Began as a Minotaur Fighter on May 25, 2018.
             Slain by a hippogriff (2 damage)
             ... in the Dungeon (Sprint II: "The Violet Keep of Menkaure").
             The game lasted 00:00:28 (293 turns).

equalderp2856 the Blocker (Minotaur Fighter)         Turns: 293, Time: 00:00:29

Health: -1/61      AC:  8    Str: 20    XL:     6   Next: 8%
Magic:  5/5        EV: 10    Int:  5    God:
Gold:   0          SH: 11    Dex: 12    Spells: 5/5 levels left

rFire    . . .     SeeInvis .   a - +0 war axe
rCold    . . .     Gourm    .   c - +0 shield
rNeg     . . .     Faith    .   b - +0 scale mail
rPois    .         Spirit   .   (helmet restricted)
rElec    .         Reflect  .   (no cloak)
rCorr    .         Harm     .   (no gloves)
MR       .....     NoTele   +   (no boots)
Stlth    ..........             (no amulet)
HPRegen  0.20/turn              (no ring)
MPRegen  0.09/turn              (no ring)

@: no status effects
A: retaliatory headbutt, horns 2
a: no special abilities


You were in the Dungeon.
You were not hungry.

You visited 1 branch

Inventory:

Hand Weapons
 a - a +0 war axe (weapon)
Armour
 b - a +0 scale mail (worn)
 c - a +0 shield (worn)
Scrolls
 k - a scroll of blinking
Potions
 d - a potion of might
 e - a potion of curing
 g - a potion of heal wounds
 h - a potion of haste
 i - 2 potions of magic
 j - a potion of berserk rage
Comestibles
 f - a ration


   Skills:
 + Level 8.2 Fighting
 + Level 6.7 Axes
 + Level 8.6 Armour
 + Level 2.5 Dodging
 + Level 8.9 Shields


You had 5 spell levels left.
You didn't know any spells.

Dungeon Overview and Level Annotations

Branches:
Dungeon (1/1)

Altars:


Innate Abilities, Weirdness & Mutations

You reflexively headbutt those who attack you in melee.
You have a pair of horns on your head.


Message History

The hippogriff is heavily wounded.
The hippogriff bites you.
* * * LOW HITPOINT WARNING * * *
You block the hippogriff's attack. x2
You slash the hippogriff!
The hippogriff is almost dead.
The hippogriff closely misses you.
The hippogriff pecks you but does no damage.
You block the hippogriff's attack.
Unknown command.
You barely miss the hippogriff. Your headbutt misses the hippogriff.
The hippogriff is almost dead.
You block the hippogriff's attack. x2; The hippogriff claws you.
* * * LOW HITPOINT WARNING * * *
Unknown command.
You barely miss the hippogriff.
You headbutt the hippogriff, but do no damage.
The hippogriff is almost dead.
You block the hippogriff's attack. The hippogriff pecks you.
You die...

### ### ..
.. # .#. #
#. #'# .##
#$##.##w..#
#H@<.+#
#.##.##w.$#
#. #+# .##
# #


You could see a hippogriff.

Vanquished Creatures
  A hippogriff (D)
  4 worker ants (D)
5 creatures vanquished.

Vanquished Creatures (others)
  Menkaure (D)
  A crocodile (D)
2 creatures vanquished.

Grand Total: 7 creatures vanquished

Notes
Turn   | Place    | Note
-------+----------+-------------------------------------------
     0 | D        | equalderp2856 the Minotaur Fighter began the quest for the Orb.
     0 | D        | Reached XP level 1. HP: 19/19 MP: 0/0
     1 | D        | Noticed a worker ant
     1 | D        | Noticed a worker ant
     1 | D        | Noticed a worker ant
     1 | D        | Noticed a worker ant
     5 | D        | Killed a worker ant
     5 | D        | Reached skill level 5 in Fighting
     5 | D        | Reached skill level 5 in Armour
     5 | D        | Reached skill level 5 in Shields
     5 | D        | Reached XP level 2. HP: 29/29 MP: 1/1
    15 | D        | Reached XP level 3. HP: 22/37 MP: 2/2
    19 | D        | Reached XP level 4. HP: 23/44 MP: 3/3
    34 | D        | Killed Menkaure
   110 | D        | Killed a crocodile
   276 | D        | Noticed a tyrant leech
   276 | D        | Noticed a tyrant leech
   280 | D        | Noticed a hippogriff
   280 | D        | Noticed a hippogriff
   288 | D        | Killed a hippogriff
   288 | D        | Reached XP level 5. HP: 12/53 MP: 4/4
   288 | D        | Reached XP level 6. HP: 14/61 MP: 5/5
   290 | D        | HP: 3/61 [hippogriff (4)]
   292 | D        | HP: 1/61 [hippogriff (2)]
   293 | D        | Slain by a hippogriff

Skill      XL: |  1  2  3  4 |
---------------+-------------+-----
Fighting       | 5 6 8 |  8.2
Axes           | 3 4 6 |  6.7
Armour         | 5 6 8 |  8.6
Shields        | 5 6 8 |  8.9
Dodging        | 2 |  2.5

Action                   |  1- 3 |  4- 6 || total
-------------------------+-------+-------++-------
Melee: War axe           |    17 |    20 ||    37
       Headbutt          |     4 |     6 ||    10
Armor: Scale mail        |     8 |    12 ||    20
Dodge: Dodged            |     6 |     8 ||    14
Block: Shield            |     9 |    18 ||    27
